 Seeded DCSS version 0.29.1-15-g9cfb28693d (webtiles) character file.

Game seed: 1099031342628375395 (custom seed)

6 IndexError the Shooter (level 1, 13/13 HPs)
             Began as a Gargoyle Hunter on Mar 7, 2023.
             Was a Follower of Cheibriados.
             Quit the game on level 1 of the Dungeon.
             The game lasted 00:00:44 (435 turns).

IndexError the Shooter (Gargoyle Hunter)             Turns: 435, Time: 00:00:44

Health: 13/13      AC:  5    Str: 16    XL:     1   Next: 90%
Magic:  1/1        EV: 11    Int: 11    God:    Cheibriados [*.....]
Gold:   30         SH:  0    Dex: 15    Spells: 0/0 levels left

rFire   . . .      SeeInvis .   a - +0 shortbow
rCold   . . .      Faith    .   (shield currently unavailable)
rNeg    + . .      Spirit   .   c - +0 leather armour
rPois   ∞          Reflect  .   (no helmet)
rElec   +          Harm     .   (no cloak)
rCorr   .          Rampage  .   (no gloves)
Will    .....                   (no boots)
Stlth   ++........              (no amulet)
HPRegen 0.04/turn               (no ring)
MPRegen 0.07/turn               (no ring)

@: very slow
A: sickness immunity, AC +2, negative energy resistance 1, electricity
resistance, torment resistance 1, petrification resistance
a: Renounce Religion, Bend Time


You were on level 1 of the Dungeon.
You worshipped Cheibriados.
Cheibriados was aware of your devotion.
You visited 1 branch of the dungeon, and saw 1 of its levels.

You collected 30 gold pieces.

Inventory:

Hand Weapons
 a - a +0 shortbow (weapon)
Armour
 c - a +0 leather armour (worn)
 f - a scarf of resistance
   (You found it on level 1 of the Dungeon)
Magical Staves
 h - a staff of air {rElec}
   (You found it on level 1 of the Dungeon)
Scrolls
 b - a scroll of immolation {!r}
 d - 2 scrolls of identify {unknown}
 g - a scroll of fear {unknown}
Potions
 e - 2 potions of curing {unknown}
 i - 2 potions of haste {unknown}


   Skills:
 + Level 2.4 Fighting
 * Level 4.2 Ranged Weapons
 - Level 1.5 Dodging
 - Level 1.1 Stealth


You couldn't memorise any spells.
You didn't know any spells.
Your spell library was empty.

Dungeon Overview and Level Annotations

Branches:
Dungeon (1/15)

Altars:
Cheibriados

Shops:
D:1 !(


Innate Abilities, Weirdness & Mutations

You are immune to sickness and miasma.
Your stone body is resilient. (AC +2)
You are immune to poison.
You resist negative energy. (rN+)
You are resistant to electric shocks. (rElec)
You are resistant to unholy torment.
You are immune to petrification.


Message History

No target in view!
You shoot an arrow. The arrow hits the endoplasm.
No target in view!
No target in view!
Found Usoetiode's Distillery.
Found a stone staircase leading down.
There is an entrance to Usoetiode's Distillery here.
d - a scroll labelled WETIACO RAUR
Found a stone staircase leading down.
A frilled lizard comes into view.
Found a stone staircase leading down.
You see here 8 gold pieces.
A frilled lizard is nearby!
A frilled lizard is nearby!
A frilled lizard is nearby!
You shoot an arrow. The arrow hits the frilled lizard.
No target in view!
No target in view!
No target in view!
You now have 8 gold pieces.
e - 2 fuming black potions
f - a scarf of resistance
Found Cunav's Weapon Shop.
No target in view!
No target in view!
No target in view!
No target in view!
g - a scroll labelled GOCVENISHRE
There is an entrance to Cunav's Weapon Shop here.
h - a staff of air {rElec} A kobold comes into view.
It is wielding a +0 club.
The kobold shouts!
A kobold is nearby!
A kobold is nearby!
A kobold is nearby!
You shoot an arrow. The arrow closely misses the kobold.
You shoot an arrow. The arrow closely misses the kobold.
You shoot an arrow. The arrow hits the kobold!
A dart slug comes into view.
You shoot an arrow. The arrow hits the dart slug!
The dart slug launches a dart at you. The slug dart hits you.
You shoot an arrow. The arrow hits the dart slug.
No target in view!
You take 2 damage, and have 10/13 hp.
No target in view!
No target in view!
No target in view!
You start putting on your armour.
You continue putting on your scarf of resistance. x4
You finish putting on your scarf of resistance.
You feel resistant to extremes of temperature.
HP restored.
There is a stone staircase leading down, spattered with blood here.
Things that are here:
a +0 club; a kobold corpse You now have 22 gold pieces (gained 14).
Found a faded altar of an unknown god.
Health restored: 13 You start removing your armour.
You continue taking off your scarf of resistance. x4
You finish taking off your scarf of resistance.
You feel hot and cold all over.
No target in view!
No target in view!
i - a sedimented coppery potion
There is a faded altar of an unknown god here.
d - 2 scrolls labelled WETIACO RAUR (gained 1)
i - 2 sedimented coppery potions (gained 1)
You now have 30 gold pieces (gained 8).
A bat comes into view.
A bat is nearby!
You shoot an arrow. The arrow closely misses the bat.
You shoot an arrow. The arrow hits the bat.
The bat hits you but does no damage. The bat hits you.
You take 1 damage, and have 12/13 hp.
You shoot an arrow.
The arrow hits the bat but does no damage.
The bat closely misses you. The bat hits you but does no damage.
You shoot an arrow. The arrow closely misses the bat.
The bat barely misses you.
You shoot an arrow. The arrow misses the bat.
The bat barely misses you. The bat closely misses you.
The bat hits you but does no damage.
You shoot an arrow. The arrow hits the bat!
No target in view!
No target in view!
Search for what [? for help]? god
There is a stone staircase leading down, spattered with blood here.
Things that are here:
a +0 club; a kobold skeleton
There is a faded altar of an unknown god here.
Health restored: 13 You cannot tell which god this altar belongs to.
Convert to them anyway?
Okay, then.
You cannot tell which god this altar belongs to.
Convert to them anyway?
Cheibriados accepts your prayer! Cheibriados welcomes you!
Cheibriados begins to support your attributes as your movement slows.
Cheibriados is now slowing the effects of poison on you.
You can now bend time to slow others.
Cheibriados raises the support of your attributes as your movement slows.
Are you sure you want to abandon this character and quit the game? (Confirm with "yes".)

#..........#
#..........##########
###...................##
#.....######.##.#####..#
#.....# #...........#
#.....######.#....##...#
###..........#.........#
#..........#.........#
#..........@.........#
#..........###..###..#
#....................#
#....................#
##.#######.###[......#
#.# #...........# #.#
#...........# #.#
#.......)...# #.#
#.###..###..#


There were no monsters in sight!

Vanquished Creatures
  A dart slug (D:1)
  An endoplasm (D:1)
  A bat (D:1)
  A frilled lizard (D:1)
  A kobold (D:1)
5 creatures vanquished.

Notes
Turn   | Place    | Note
-------+----------+-------------------------------------------
     0 | D:1      | IndexError the Gargoyle Hunter began the quest for the Orb.
     0 | D:1      | Reached XP level 1. HP: 12/12 MP: 1/1
    21 | D:1      | Found Usoetiode's Distillery.
    90 | D:1      | Found Cunav's Weapon Shop.
   262 | D:1      | Found a faded altar of an unknown god.
   434 | D:1      | Prayed at the altar of an unknown god.
   434 | D:1      | Became a worshipper of Cheibriados the Contemplative
   434 | D:1      | Reached * piety under Cheibriados
   435 | D:1      | Quit the game

Illustrated notes

Levels and vault maps discovered:
D:1:      minmay_arrival_radiant_lines, layout_basic, serial_shops, shop,
          nicolae_shop_bloodbath_and_beyond, hellmonk_ecumenical_altar_lost_god

Action                   || total
-------------------------++-------
 Fire: Shortbow          ||    14
Armor: Leather armour    ||     3
Dodge: Dodged            ||     4

Table legend: (Time is in decaauts)
 A = Elapsed time spent in this place.
 B = Non-inter-level travel time spent in this place.
 C = Inter-level travel time spent in this place.
 D = Time resting spent in this place.
 E = Time spent auto-exploring this place.
 F = Levels seen in this place.
 G = Mean time per level.
                   A        B        C        D        E       F      G
               +--------+--------+--------+--------+--------+-----+--------+
         Total |    439 |    402 |     37 |      0 |    357 |   1 |  439.0 |
       Dungeon |    439 |    402 |     37 |      0 |    357 |   1 |  439.0 |
               +--------+--------+--------+--------+--------+-----+--------+

Top non-repeatable levels by time:
     D:1: 439 daAuts

Table legend:
 A = Kills in this place as a percentage of kills in entire the game.
 B = Kills by you in this place as a percentage of kills by you in the entire game.
 C = Kills by friends in this place as a percentage of kills by friends in the entire game.
 D = Other kills in this place as a percentage of other kills in the entire game.
 E = Experience gained in this place as a percentage of experience gained in the entire game.
 F = Experience gained in this place divided by the number of levels of this place that you have seen.
                   A       B       C       D       E      F
               +-------+-------+-------+-------+-------+----------------------
         Total | 100.0 | 100.0 |   N/A |   N/A | 100.0 |   9.0
       Dungeon | 100.0 | 100.0 |   N/A |   N/A | 100.0 |   9.0
               +-------+-------+-------+-------+-------+----------------------
